 Dungeon Crawl Stone Soup version 0.21-a0-630-g344d351 (webtiles) character file.

489 Lanoc the Conjurer (level 6, 0/41 HPs)
             Began as a Demonspawn Wanderer on Dec 25, 2017.
             Was an Initiate of Vehumet.
             Killed from afar by an orc wizard (10 damage)
             ... with a magic dart
             ... on level 4 of the Dungeon on Dec 26, 2017.
             The game lasted 00:17:07 (4519 turns).

Lanoc the Conjurer (Demonspawn Wanderer)            Turns: 4519, Time: 00:17:08

Health: 0/41       AC:  3    Str: 14    XL:     6   Next: 90%
Magic:  11/12      EV: 11    Int: 24    God:    Vehumet [......]
Gold:   275        SH:  3    Dex: 11    Spells: 8/13 levels left

rFire    . . .     SeeInvis .   n - +2 dagger (elec)
rCold    . . .     Gourm    .   (no shield)
rNeg     . . .     Faith    .   A - +0 leather armour {MR+}
rPois    .         Spirit   .   (helmet restricted)
rElec    .         Reflect  +   (no cloak)
rCorr    .         Harm     .   (no gloves)
MR       +....                  (no boots)
Stlth    +.........             o - +3 amulet of reflection
HPRegen  0.13/turn              k - +5 ring of intelligence
MPRegen  0.13/turn              g - +4 ring of intelligence

@: no status effects
A: antennae 2
a: Renounce Religion


You were on level 4 of the Dungeon.
You worshipped Vehumet.
Vehumet was noncommittal.
You were not hungry.

You visited 1 branch of the dungeon, and saw 5 of its levels.

You collected 275 gold pieces.

Inventory:

Hand Weapons
 n - a +2 dagger of electrocution (weapon)
Armour
 A - a +0 leather armour of magic resistance (worn)
Jewellery
 g - a +4 ring of intelligence (right hand)
 k - a +5 ring of intelligence (left hand)
 o - a +3 amulet of reflection (around neck)
 y - an uncursed ring of protection from fire
Wands
 h - a wand of random effects (38)
 s - a wand of polymorph (9)
 z - a wand of paralysis (19)
Scrolls
 m - 3 scrolls of teleportation
 u - a scroll of remove curse
 x - a scroll of blinking
Potions
 e - 2 potions of brilliance {unknown}
 j - 3 potions of resistance
 l - a potion of heal wounds {unknown}
 p - 2 potions of cancellation {unknown}
 r - 5 potions of magic {unknown}
 t - 2 potions of degeneration {unknown}
 v - a potion of ambrosia {unknown}
 w - a potion of agility {unknown}
Books
 a - a book of Minor Magic

   Spells                             Type                      Level
   a - Magic Dart                     Conjuration                  1
   b - Blink                          Translocation                2
   c - Call Imp                       Summoning                    2
   d - Slow                           Hexes                        2
   e - Conjure Flame                  Conjuration/Fire             3
   f - Mephitic Cloud                 Conjuration/Poison/Air       3
 b - Zewkeladi's Handbook of Beguiling

   Spells                             Type                      Level
   a - Slow                           Hexes                        2
   b - Ensorcelled Hibernation        Hexes/Ice                    2
 c - the Volume of the Entourage

   Spells                             Type                      Level
   a - Summon Butterflies             Summoning                    1
   b - Summon Guardian Golem          Hexes/Summoning              3
Comestibles
 f - 5 rations
 q - 9 chunks of flesh


   Skills:
 + Level 0.8 Dodging
   Level 1.0 Shields
 + Level 4.2 Spellcasting
 + Level 6.5 Conjurations
 - Level 4.0 Summonings
 - Level 1.0 Evocations


You had 8 spell levels left.
You knew the following spells:

 Your Spells              Type           Power        Failure   Level  Hunger
a - Summon Butterflies    Summ           ###.....     2%          1    None
b - Magic Dart            Conj           ####         1%          1    None
c - Mephitic Cloud        Conj/Pois/Air  ###.....     14%         3    ##.....


Dungeon Overview and Level Annotations

Branches:
Dungeon (5/15)
 Temple: D:4-7

Altars:
Fedhas
Trog
Vehumet
Zin


Innate Abilities, Weirdness & Mutations

You have a pair of antennae on your head.


Message History

Something hits you.
* * * LOW HITPOINT WARNING * * *
You feel better. Something hits you.
* * * LOW HITPOINT WARNING * * *
You feel better.
You hear some strange, mumbled words.
A puff of frost appears from out of thin air!
The puff of frost hits you! Something hits you.
* * * LOW HITPOINT WARNING * * *
You closely miss something. Something hits you.
* * * LOW HITPOINT WARNING * * *
You closely miss something.
An orc wizard appears from thin air!
Reactivating autopickup.
You block the orc wizard's attack.
The orc wizard hits you but does no damage.
You closely miss the orc wizard.
The orc wizard is lightly wounded.
The orc wizard points at you and mumbles some strange words.
The magic dart hits you!
You die...

#.........##.......##
#.........##.###..##
#............###..#
#.#####.....##....#
#.####..###.......######
#.#....#......######....
##.#.##....^..........###
#...##)##########........
#...#.##@##..).)..#######
#)....#.o.#########
#...###.♣.# ###...# #...#
#.....# ##.##
#.########.#######
#.##.).##...##...##
#.#<.♣..'.♣.'..♣)<#
#.##...##...##...##


You could see an orc wizard.

Vanquished Creatures
  An ogre (D:4)
  Blork the orc (D:4)
  A scorpion (D:4)
  A bullfrog skeleton (D:5)
  Ijyb (D:4)
  An orc wizard (D:5)
  4 gnolls (D:3)
  7 adders
  An ooze (D:4)
  5 worms
  2 dart slugs
  6 leopard geckos
  9 orcs
  2 ball pythons
  4 giant cockroaches
  5 goblins
  9 hobgoblins
  5 jackals
  2 quokkas
  8 bats
  4 frilled lizards
  6 kobolds
  6 rats
91 creatures vanquished.

Notes
Turn   | Place    | Note
-------+----------+-------------------------------------------
     0 | D:1      | Lanoc the Demonspawn Wanderer began the quest for the Orb.
     0 | D:1      | Lanoc set off with: a book of Minor Magic, Zewkeladi's Handbook of Beguiling, the Volume of the Entourage, a +0 robe, a +0 club, a ration
     0 | D:1      | Reached XP level 1. HP: 13/13 MP: 3/3
     0 | D:1      | Identified Zewkeladi's Handbook of Beguiling
     0 | D:1      | Identified the Volume of the Entourage
     2 | D:1      | Learned a level 1 spell: Summon Butterflies
     4 | D:1      | Learned a level 1 spell: Magic Dart
   329 | D:1      | Gained mutation: You have a pair of small antennae on your head. [demonic ancestry]
   329 | D:1      | Reached XP level 2. HP: 19/19 MP: 1/5
  1096 | D:2      | Found a blossoming altar of Fedhas.
  1108 | D:2      | Gained mutation: You have a pair of antennae on your head. [demonic ancestry]
  1108 | D:2      | Reached XP level 3. HP: 11/24 MP: 3/6
  2290 | D:3      | Reached XP level 4. HP: 30/30 MP: 0/8
  2505 | D:3      | Learned a level 3 spell: Mephitic Cloud
  2993 | D:3      | Reached XP level 5. HP: 34/35 MP: 1/9
  3162 | D:3      | Found a glowing silver altar of Zin.
  3167 | D:3      | Found a bloodstained altar of Trog.
  3237 | D:4      | Noticed Ijyb
  3248 | D:4      | Killed Ijyb
  3526 | D:4      | Noticed an ogre
  3537 | D:4      | Killed an ogre
  3537 | D:4      | Reached skill level 6 in Conjurations
  3626 | D:4      | Noticed Blork the orc
  3632 | D:4      | Killed Blork the orc
  3632 | D:4      | Reached XP level 6. HP: 33/41 MP: 4/11
  3874 | D:4      | Found a radiant altar of Vehumet.
  3904 | D:4      | Became a worshipper of Vehumet
  4377 | D:5      | Entered Level 5 of the Dungeon
  4513 | D:4      | HP: 2/41 [something/puff of frost (11)]
  4519 | D:4      | Killed from afar by an orc wizard

Vault maps used:
D:1:      minmay_arrival_four_houses
D:2:      first_ration, fedhas_altar_1
D:3:      minitemple, minmay_quantized
D:4:      old_standard_altar, grunt_ministairs_5, uniq_ijyb, uniq_blork_the_orc
D:5:      lemuel_crystal_altar

Skill      XL: |  1  2  3  4  5  6 |
---------------+-------------------+-----
Summonings     | 2 3 4 |  4.0
Spellcasting   | 3 4 |  4.2
Conjurations   | 6 |  6.5
Dodging        | |  0.8
Shields        | |  1.0
Evocations     | |  1.0

Action                   |  1- 3 |  4- 6 || total
-------------------------+-------+-------++-------
Melee: Club              |    61 |     9 ||    70
       Dagger            |       |    87 ||    87
 Cast: Magic Dart        |    86 |    97 ||   183
       Summon Butterflie |     1 |     1 ||     2
  Use: Scroll            |     5 |     3 ||     8
       Potion            |       |     4 ||     4
  Eat: Chunk             |     2 |     6 ||     8
       Ration            |     1 |       ||     1
Armor: Robe              |    11 |     6 ||    17
       Leather armour    |       |     7 ||     7
Dodge: Dodged            |    57 |    55 ||   112
Block: Other             |     2 |    16 ||    18
       Reflection        |       |     1 ||     1

Table legend:
 A = Spawn XP
 B = Non-spawn XP
 C = Spawn XP percentage of total XP
 D = Spawn monster count
 E = Non-spawn monster count
 F = Spawn count percentage of total count
 G = Total turns spent on level
                    A         B        C        D         E        F      G
               +---------+---------+-------+---------+---------+-------+---------
         Total |       0 |     699 |   0.0 |       0 |      91 |   0.0 |  4519
               +---------+---------+-------+---------+---------+-------+---------
           D:1 |       0 |      30 |   0.0 |       0 |      18 |   0.0 |   946
           D:2 |       0 |      30 |   0.0 |       0 |      15 |   0.0 |   873
           D:3 |       0 |     147 |   0.0 |       0 |      33 |   0.0 |  1416
           D:4 |       0 |     399 |   0.0 |       0 |      16 |   0.0 |  1151
           D:5 |       0 |      93 |   0.0 |       0 |       9 |   0.0 |   133
               +---------+---------+-------+---------+---------+-------+---------
